 Dungeon Crawl Stone Soup version 0.29.1-1-gd02db6906a (webtiles) character file.

Game seed: 11215849458508656112

10060 LustLizard the Grappler (level 11, -2/108 (110) HPs)
             Began as a Troll Fighter on Sept 27, 2022.
             Was a Priest of Wu Jian.
             Killed from afar by a fire dragon (42 damage)
             ... with a blast of flame
             ... on level 10 of the Dungeon.
             The game lasted 00:14:30 (8839 turns).

LustLizard the Grappler (Troll Fighter)             Turns: 8839, Time: 00:14:31

HP:   -2/108 (110)  AC: 11    Str: 26    XL:     11   Next: 31%
MP:   10/10         EV:  9    Int:  6    God:    Wu Jian [***...]
Gold: 270           SH: 10    Dex: 11    Spells: 10/10 levels left

rFire   . . .      SeeInvis .     - Unarmed
rCold   . . .      Faith    .   b - +0 kite shield
rNeg    . . .      Spirit   .   L - +0 troll leather armour
rPois   .          Reflect  .   (helmet restricted)
rElec   .          Harm     .   k - +0 cloak
rCorr   .          Rampage  .   (gloves unavailable)
Will    +....                   (boots unavailable)
Stlth   +.........              (no amulet)
HPRegen 1.88/turn               h - ring of willpower
MPRegen 0.12/turn               l - +4 ring of protection

@: mighty, lightly drained
A: large, unfitting armour, claws 3, regeneration 1, shaggy fur 1, tough skin 1
a: Renounce Religion, Wall Jump, Serpent's Lash


You were on level 10 of the Dungeon.
You worshipped Wu Jian.
Wu Jian was most pleased with you.
You visited 2 branches of the dungeon, and saw 11 of its levels.

You collected 624 gold pieces.
You spent 354 gold pieces at shops.

Inventory:

Hand Weapons
 j - the +4 hammer "Nalunos" {vamp, rN+ rCorr Str+2}
   (You found it on level 2 of the Dungeon)

   It occasionally heals its wielder for a portion of the damage dealt when it
   wounds a living foe.
   Str:       It affects your strength (+2).
   rN:        It protects you from negative energy.
   rCorr:     It protects you from acid and corrosion.
 H - the +9 rapier of Plunder {drain, rC- Str+8 Int+4 Stlth-}
   (You found it on level 5 of the Dungeon)

   A truly terrible weapon, it drains the life of any living foe it strikes.
   Str:       It affects your strength (+8).
   Int:       It affects your intelligence (+4).
   rC:        It makes you vulnerable to cold.
   Stlth:     It makes you less stealthy.
Missiles
 e - 100 stones
 M - 6 poisoned darts
Armour
 a - a +0 robe
 b - a +0 kite shield (worn)
 k - a +0 cloak (worn)
 L - a +0 troll leather armour (worn)
Jewellery
 h - a ring of willpower (left claw)
 i - an amulet of faith
 l - a +4 ring of protection (right claw)
 E - a ring of resist corrosion
 J - a ring of flight
 N - a ring of fire
Wands
 t - a wand of flame (14) (quivered)
 u - a wand of roots (22)
Scrolls
 f - 2 scrolls of enchant weapon
 o - 2 scrolls of silence {unknown}
 r - 2 scrolls of butterflies {unknown}
 s - 2 scrolls of poison
 w - a scroll of immolation {unknown}
 x - 3 scrolls of noise
 y - 3 scrolls of blinking
 z - 4 scrolls of vulnerability {unknown}
 B - 3 scrolls of teleportation
 C - a scroll of amnesia
 D - 2 scrolls of magic mapping
 F - 3 scrolls of enchant armour
 K - a scroll of fear
Potions
 c - 2 potions of might
 d - 6 potions of curing
 g - 2 potions of heal wounds
 m - 2 potions of haste
 n - 3 potions of flight
 p - 3 potions of brilliance
 q - a potion of invisibility
 v - 2 potions of berserk rage
 A - 3 potions of degeneration
 G - a potion of magic
 I - a potion of cancellation


   Skills:
 + Level 7.7 Fighting
 + Level 4.6 Dodging
 + Level 8.4 Shields
 * Level 12.4 Unarmed Combat


You had 10 spell levels left.
You didn't know any spells.
Your spell library contained the following spells:

 Spells                   Type           Power      Damage    Failure   Level
 Necrotise                Necr           0%         1d4       75%         1
 Shock                    Conj/Air       0%         1d3       75%         1
 Sting                    Tmut/Pois      0%         1d3       75%         1
 Poisonous Vapours        Pois/Air       0%         N/A       86%         2
 Dazzling Flash           Conj/Hex       0%         N/A       98%         3
 Swiftness                Air            0%         N/A       98%         3
 Vampiric Draining        Necr           0%         2d6       98%         3
 Airstrike                Air            0%         2d(0-16)  100%        4
 Olgreb's Toxic Radiance  Pois           0%         N/A       100%        4
 Agony                    Necr           0%         N/A       100%        5
 Silence                  Hex/Air        0%         N/A       100%        5


Dungeon Overview and Level Annotations

Branches:
Dungeon (10/15)            Temple (1/1) D:6            Lair (0/5) D:9
    Orc (0/2) D:10

Altars:
Ashenzari
Cheibriados
Dithmenos
Elyvilon
Fedhas
Gozag
Hepliaklqana
Kikubaaqudgha
Makhleb
Nemelex Xobeh
Okawaru
Qazlal
Ru
Sif Muna
Trog
Uskayaw
Vehumet
Wu Jian
Xom
Yredelemnul
Zin
The Shining One

Shops:
D:3 (   D:8 *[?:


Innate Abilities, Weirdness & Mutations

You are too large for most types of armour.
You have claws for hands.
Your natural rate of healing is unusually fast.
You are covered in fur. (AC +1)
You have tough skin. (AC +1)


Message History

A fire dragon comes into view.
You claw the fire dragon!
The fire dragon is lightly wounded.
You block the fire dragon's attack. The fire dragon claws you.
The fire dragon tramples you.
You hold your ground!
You scratch the fire dragon but do no damage.
The fire dragon is lightly wounded.
You scratch the fire dragon.
The fire dragon is lightly wounded.
The fire dragon bites you. The fire dragon claws you.
The fire dragon tramples you.
You hold your ground!
You scratch the fire dragon but do no damage.
The fire dragon is lightly wounded.
The fire dragon bites you. The fire dragon claws you.
You block the fire dragon's attack.
You barely miss the fire dragon.
The fire dragon is lightly wounded.
The fire dragon bites you but does no damage.
You block the fire dragon's attack. The fire dragon tramples you!
You stumble backwards!
You feel very mighty all of a sudden. The fire dragon breathes flames at you.
The blast of flame hits you!!!
You mangle the fire dragon!!
The fire dragon is heavily wounded.
The fire dragon completely misses you.
The fire dragon claws you but does no damage.
The fire dragon tramples you but does no damage.
You scratch the fire dragon but do no damage.
The fire dragon is heavily wounded.
The fire dragon barely misses you.
The fire dragon claws you but does no damage.
The fire dragon tramples you.
You stumble backwards!
You mangle the fire dragon!!
The fire dragon is severely wounded.
You barely miss the fire dragon.
The fire dragon is severely wounded.
The fire dragon breathes flames at you. The blast of flame hits you!!!
You die...

,*,* *,* *,* *,* #......#.......#
,*,* *,***,***,* #......#..)....#
,*,* *,,,+,+,,,* #.######.......#
,,,* *****,***** #..............#
,,,* #,* #...............
,,,******#'#######..............#
,,,,,,,,,.................†.....#
**,,****,.......................#
*,,,,,,,.......@...............#
*,,,****#..#####D#########.#####
*,,,*,,,*.,*#...#...# *#...** #
**,,,*,,,*,,*#...##..#**#.###.**#
,,,,,*,,,+,,#....,*...##.#*,*#.*#
,,,,,*,,,+,,#...#**...#.#*,,,*#.#
,,,,,*****,.....*,,....#*,,*,,,*.
,,,,,,,,,,..#..#***#..#.#*,,,**,#
**,***,,,,..#..,,,,*..##.#*,**,*#


You could see a fire dragon (catching breath).

Vanquished Creatures
  A two-headed ogre (D:9)
  A komodo dragon (D:9)
  A kobold demonologist (D:10)
  4 trolls (D:10)
  The ghost of ZoeForever1 the Digger, an amateur HuEE of Vehumet (D:5)
  2 wyverns
  2 wraiths
  A shadow (D:9)
  7 yaks
  A vampire mosquito (D:10)
  2 acid dragons
  2 water moccasins
  3 orc warriors (D:9)
  2 ice beasts
  3 black bears
  A sky beast (D:8)
  3 ogres
  2 phantoms
  2 centaurs (D:10)
  3 kobold brigands
  2 necrophages
  2 bullfrogs (D:6)
  A gnoll sergeant (D:10)
  A scorpion (D:7)
  A water moccasin zombie (D:5)
  23 wights
  23 killer bees
  4 howler monkeys
  2 centaur zombies (D:5)
  3 jellies
  A lava snake (D:9)
  A gnoll bouda (D:4)
  Crazy Yiuf (D:2)
  8 orc priests
  5 hounds
  Jessica (D:2)
  An iguana (D:5)
  10 orc wizards
  A hound zombie (D:5)
  A howler monkey zombie (D:5)
  Robin (D:3)
  4 gnolls (D:4)
  6 adders
  2 howler monkey skeletons (D:5)
  4 shadow imps
  A white imp (D:5)
  A worm (D:2)
  4 dart slugs
  42 orcs
  7 endoplasms
  3 giant cockroaches
  30 goblins
  9 hobgoblins
  5 jackals
  3 quokkas
  5 ball pythons
  3 bats
  4 frilled lizards
  8 kobolds
  6 rats
  A bush (D:2)
285 creatures vanquished.

Vanquished Creatures (others)
  A fungus (D:2)
  18 plants (D:9)
19 creatures vanquished.

Grand Total: 304 creatures vanquished

Notes
Turn   | Place    | Note
-------+----------+-------------------------------------------
     0 | D:1      | LustLizard the Troll Fighter began the quest for the Orb.
     0 | D:1      | Reached XP level 1. HP: 22/22 MP: 0/0
    62 | D:1      | Reached XP level 2. HP: 29/29 MP: 1/1
   101 | D:1      | Found a faded altar of an unknown god.
   678 | D:1      | You fall into a shaft and drop 1 floor!
   822 | D:1      | Reached XP level 3. HP: 36/36 MP: 2/2
   988 | D:2      | Identified the +4 hammer "Nalunos" {vamp, rN+ rCorr Str+2}
   990 | D:2      | Found a runed translucent door.
   991 | D:2      | Noticed Crazy Yiuf
   999 | D:2      | Killed Crazy Yiuf
  1000 | D:2      | Reached skill level 3 in Unarmed Combat
  1150 | D:2      | Reached XP level 4. HP: 44/44 MP: 3/3
  1587 | D:2      | Noticed Jessica
  1588 | D:2      | Killed Jessica
  1825 | D:3      | Found Doarenge's Weapon Shoppe.
  1855 | D:3      | Noticed Robin
  1872 | D:3      | Killed Robin
  1873 | D:3      | Reached skill level 4 in Unarmed Combat
  1873 | D:3      | Reached XP level 5. HP: 37/53 MP: 4/4
  2590 | D:4      | Identified the +5 pair of boots of Eternity {Rampage rPois
                  | Str-4 Dex-2}
  2705 | D:4      | Reached XP level 6. HP: 24/61 MP: 5/5
  2744 | D:4      | Reached skill level 5 in Unarmed Combat
  3206 | D:5      | Entered Level 5 of the Dungeon
  3210 | D:5      | Noticed a water moccasin
  3293 | D:5      | Reached XP level 7. HP: 68/68 MP: 6/6
  3318 | D:5      | Reached skill level 6 in Unarmed Combat
  3489 | D:5      | Found a sacrificial altar of Ru.
  3546 | D:5      | Reached skill level 5 in Shields
  3546 | D:5      | Reached skill level 7 in Unarmed Combat
  3546 | D:5      | Reached XP level 8. HP: 71/79 MP: 7/7
  3711 | D:5      | Found a transporter.
  3713 | D:5      | Noticed ZoeForever1's ghost (amateur HuEE)
  3763 | D:5      | Identified the +9 rapier of Plunder {drain, rC- Str+8 Int+4
                  | Stlth-}
  3901 | D:5      | Found a transporter.
  4427 | D:6      | Reached skill level 5 in Fighting
  4506 | D:6      | Found a staircase to the Ecumenical Temple.
  4520 | D:6      | Reached skill level 8 in Unarmed Combat
  4523 | Temple   | Entered the Ecumenical Temple
  4630 | D:6      | Found an ornate altar of the Wu Jian Council.
  4678 | D:6      | Became a worshipper of the Wu Jian Council
  5529 | D:7      | Reached XP level 9. HP: 83/86 MP: 8/8
  5807 | D:7      | Reached skill level 9 in Unarmed Combat
  6023 | D:5      | Killed ZoeForever1's ghost
  6130 | D:8      | Found Neinodij's Book Boutique.
  6194 | D:8      | Found Terudghu's Magic Scroll Boutique.
  6200 | D:8      | Reached * piety under Wu Jian
  6229 | D:8      | Found a stormy altar of Qazlal.
  6232 | D:8      | Bought a scroll of teleportation for 36 gold pieces
  6232 | D:8      | Bought a scroll of enchant weapon for 90 gold pieces
  6232 | D:8      | Bought a scroll of blinking for 90 gold pieces
  6232 | D:8      | Bought a scroll of enchant armour for 90 gold pieces
  6232 | D:8      | Bought a scroll of identify for 24 gold pieces
  6232 | D:8      | Bought a scroll of identify for 24 gold pieces
  6317 | D:8      | Found Oploow's Antique Armour Boutique.
  6617 | D:8      | Reached skill level 10 in Unarmed Combat
  6754 | D:8      | Found a snail-covered altar of Cheibriados.
  6923 | D:8      | Found Geoluej's General Store.
  6928 | D:8      | Reached XP level 10. HP: 100/100 MP: 9/9
  6947 | D:8      | Found a radiant altar of Vehumet.
  6960 | D:8      | Identified the +0 helmet "Rasal" {Harm rElec rF+ Int-5}
  7227 | D:9      | Noticed a two-headed ogre
  7235 | D:9      | Killed a two-headed ogre
  7298 | D:9      | Found a shadowy altar of Dithmenos.
  7466 | D:9      | Reached skill level 11 in Unarmed Combat
  7586 | D:9      | Reached ** piety under Wu Jian
  7916 | D:9      | Found a staircase to the Lair.
  7961 | D:9      | Found a hide-covered altar of Uskayaw.
  8148 | D:10     | Entered Level 10 of the Dungeon
  8456 | D:10     | Found a staircase to the Orcish Mines.
  8504 | D:10     | Reached XP level 11. HP: 43/109 MP: 10/10
  8514 | D:10     | Reached skill level 12 in Unarmed Combat
  8527 | D:10     | Reached *** piety under Wu Jian
  8535 | D:10     | Noticed a soul eater
  8827 | D:10     | Noticed a fire dragon
  8839 | D:10     | Killed from afar by a fire dragon

Illustrated notes

Levels and vault maps discovered:
D:1:      minmay_arrival_stair_chambers, layout_basic,
          shapermc_ecumenical_altar_starsandcircs, st_stairs_9,
          ebering_dispersal_statue_hall
D:2:      layout_basic, uniq_crazy_yiuf_cottage, uniq_jessica
D:3:      layout_loops_cross, serial_shops, nicolae_shop_bloodbath_and_beyond,
          uniq_robin
D:4:      layout_basic, minmay_misc_feat_four_crosses
D:5:      layout_basic, nicolae_ru_sacrificial_ziggurat,
          gammafunk_ghost_mausoleum, serial_undead, serial_undead_b,
          serial_undead_d, serial_undead_a, serial_undead_d,
          minmay_misc_feat_rows, minmay_ogre_servants
D:6:      layout_basic, lemuel_crystal_altar, minmay_temple_entry_junction
D:7:      layout_gridville
D:8:      layout_basic, nicolae_qazlal_scattered_showers, lemuel_tele_altar,
          amcnicky_altar_gilded, serial_shops, nicolae_take_the_stairs, shop,
          nicolae_square_shop, shop
D:9:      layout_basic, nicolae_uskayaw_suspiria,
          grunt_dithmenos_smoke_and_mirrors, david_lair_shrubbed, special_room
          [special_room_orc]
D:10:     minmay_the_grid_net [minmay_the_grid_rooms, minmay_the_grid_square_x,
          minmay_the_grid_empty, minmay_the_grid_zigzag_pyramid,
          minmay_the_grid_mess, minmay_the_grid_prize_diamond_cup],
          layout_irregular_city, gammafunk_ghost_hive, enter_trove_2,
          minmay_door_square
Temple:   eino_wide_crystal_templ

Skill      XL: |  1  2  3  4  5  6  7  8  9 10 11 |
---------------+----------------------------------+-----
Shields        | 3 4 5 6 7 8 |  8.4
Unarmed Combat | 3 4 5 7 8 10 11 12 | 12.4
Fighting       | 3 4 5 6 7 |  7.7
Dodging        | 4 |  4.6

Action                   |  1- 3 |  4- 6 |  7- 9 | 10-12 || total
-------------------------+-------+-------+-------+-------++-------
Melee: Unarmed           |   138 |   188 |   333 |   341 ||  1000
Invok: Lunge             |       |       |    12 |    25 ||    37
       Whirlwind         |       |       |     4 |    25 ||    29
Evoke: Wand              |       |       |       |     4 ||     4
  Use: Scroll            |       |     6 |     6 |     4 ||    16
       Potion            |       |     1 |     1 |     3 ||     5
 Stab: Sleeping          |       |     1 |       |       ||     1
Armor: Robe              |    40 |    78 |   147 |    63 ||   328
       Troll leather arm |       |       |       |    20 ||    20
Dodge: Dodged            |    35 |    79 |   103 |   109 ||   326
Block: Kite shield       |    31 |    79 |   142 |   163 ||   415
